 Dungeon Crawl Stone Soup version 0.30-a0-159-g068b764562 (webtiles) character file.

Game seed: 3987509122026915617

1274 Hubris850 the Digger (level 8, -1/41 HPs)
             Began as a Gargoyle Earth Elementalist on Sept 27, 2022.
             Was a Follower of Nemelex Xobeh.
             Slain by an orc wizard
             ... wielding a +0 dagger
              (3 damage)
             ... on level 6 of the Dungeon.
             The game lasted 00:16:48 (5742 turns).

Hubris850 the Digger (Gargoyle Earth Elementalist)  Turns: 5742, Time: 00:16:48

Health: -1/41      AC: 11    Str: 17    XL:     8   Next: 53%
Magic:  10/15      EV: 12    Int: 22    God:    Nemelex Xobeh [*.....]
Gold:   323        SH:  0    Dex: 14    Spells: 12/16 levels left

rFire   . . .      SeeInvis .    s - +4 hammer of the Warrior-Mage {pain, Str+3 Dex+4}
rCold   . . .      Faith    .    (no shield)
rNeg    + . .      Spirit   .    a - +0 robe
rPois   ∞          Reflect  .    l - +1 helmet
rElec   +          Harm     .    t - +0 cloak
rCorr   +          Rampage  .    (no gloves)
Will    .....                    i - +0 pair of boots
Stlth   ++........               J - amulet of the acrobat
HPRegen 0.13/turn                v - ring of resist corrosion
MPRegen 0.14/turn                K - +6 ring of intelligence

@: no status effects
A: sickness immunity, AC +5, negative energy resistance 1, electricity
resistance, torment resistance 1, petrification resistance
a: Renounce Religion, Draw Escape, Draw Destruction, Draw Summoning


You were on level 6 of the Dungeon.
You worshipped Nemelex Xobeh.
Nemelex Xobeh was aware of your devotion.
You visited 2 branches of the dungeon, and saw 7 of its levels.

You collected 323 gold pieces.

Inventory:

Hand Weapons
 d - a +0 club
 g - a +0 whip
 m - a +3 vampiric spear
 s - the +4 hammer of the Warrior-Mage (weapon) {pain, Str+3 Dex+4}
   (You found it on level 2 of the Dungeon)

   In the hands of one skilled in necromantic magic, it inflicts extra damage on
   living creatures.
   Str:       It affects your strength (+3).
   Dex:       It affects your dexterity (+4).
 I - a +0 arbalest
Missiles
 y - 11 poisoned darts
Armour
 a - a +0 robe (worn)
 e - a +0 leather armour
 i - a +0 pair of boots (worn)
 l - a +1 helmet (worn)
 t - a +0 cloak (worn)
Jewellery
 h - a ring of protection from fire
 q - the ring "Liahinybb" {Fire Dex+2}
   (You found it on level 2 of the Dungeon)

   [ring of fire]

   It enhances your fire magic.
   Dex:       It affects your dexterity (+2).
   rF:        It protects you from fire.
   rC:        It makes you vulnerable to cold.
 v - a ring of resist corrosion (left hand)
 J - an amulet of the acrobat (around neck)
 K - a +6 ring of intelligence (right hand)
Wands
 u - a wand of light (3)
 E - a wand of polymorph (14)
 G - a wand of flame (16)
Scrolls
 c - 9 scrolls of identify {unknown}
 n - a scroll of summoning {unknown}
 o - 4 scrolls of teleportation {unknown}
 r - 2 scrolls of poison {unknown}
 w - a scroll of noise {unknown}
 A - 2 scrolls of vulnerability {unknown}
 C - 2 scrolls of silence {unknown}
Potions
 b - 2 potions of magic
 f - a potion of flight {unknown}
 j - 7 potions of curing
 k - a potion of brilliance {unknown}
 p - a potion of cancellation {unknown}
 x - 2 potions of degeneration {unknown}
 z - a potion of berserk rage {unknown}
 B - a potion of might {unknown}
 D - 2 potions of lignification {unknown}
 F - 2 potions of haste {unknown}
 H - a potion of heal wounds {unknown}
 L - a potion of resistance {unknown}


   Skills:
 + Level 4.4 Maces & Flails
 - Level 1.5 Dodging
 - Level 2.1 Stealth
 + Level 4.8 Spellcasting
 + Level 4.9 Conjurations
 - Level 1.2 Transmutations
 + Level 7.0 Earth Magic
 + Level 2.1 Invocations


You had 12 spell levels left.
You knew the following spells:

 Your Spells              Type           Power      Damage    Failure   Level
a - Sandblast             Erth           72%        2d16      1%          1
b - Stone Arrow           Conj/Erth      62%        3d10      2%          3

Your spell library contained the following spells:

 Spells                   Type           Power      Damage    Failure   Level
 Passwall                 Tmut/Erth      19%        N/A       2%          2
 Blink                    Tloc           10%        N/A       16%         2
 Petrify                  Tmut/Erth      23%        N/A       19%         4
 Lesser Beckoning         Tloc           5%         N/A       30%         3
 Irradiate                Conj/Tmut      9%         3d14      63%         5
 Manifold Assault         Tloc           5%         N/A       71%         4
 Sublimation of Blood     Necr           Unusable   N/A       N/A         2

Dungeon Overview and Level Annotations

Branches:
Dungeon (6/15)             Temple (1/1) D:4

Altars:
Dithmenos
Elyvilon
Fedhas
Gozag
Hepliaklqana
Kikubaaqudgha
Makhleb
Nemelex Xobeh
Okawaru
Ru
Sif Muna
Trog
Uskayaw
Wu Jian
Xom
Yredelemnul
Zin

Shops:
D:5 (


Innate Abilities, Weirdness & Mutations

You are immune to sickness and miasma.
Your stone body is resilient. (AC +5)
You are immune to poison.
You resist negative energy. (rN+)
You are resistant to electric shocks. (rElec)
You are resistant to unholy torment.
You are immune to petrification.


Message History

The blast of sand hits the orc priest!
You kill the orc priest!
The orc wizard hits you but does no damage.
The orc wizard hits you with a +0 dagger.
The orc priest hits you but does no damage.
You hit the orc priest.
The orc priest is moderately wounded.
The orc wizard misses you.
The orc priest hits you with a +0 short sword.
You hit the orc priest.
The orc priest is heavily wounded.
The orc wizard barely misses you. The orc priest closely misses you.
You barely miss the orc priest.
The orc priest is moderately wounded.
The orc wizard casts a spell at you. The puff of flame misses you.
The orc priest hits you but does no damage.
You hit the orc priest.
The orc priest is severely wounded.
The orc wizard hits you but does no damage.
The orc priest closely misses you.
You sock the orc priest!
You kill the orc priest!
The orc wizard hits you but does no damage.
The orc wizard points at you and mumbles some strange words.
The magic dart hits you.
Your Earth Magic skill increases to level 7!
You closely miss the orc wizard. The orc wizard casts a spell at you.
The magic dart hits you!
* * * LOW HITPOINT WARNING * * *
You hit the orc wizard.
The orc wizard is moderately wounded.
The orc wizard gestures at you while chanting.
The puff of flame hits you.
* * * LOW HITPOINT WARNING * * *
You draw a card...
You have drawn the Cloud.
Clouds appear around you!
The orc wizard hits you with a +0 dagger.
You die...
Your body disappears without a glow.

#......##............
##........##.....#...
##......#...#.....#...
##......##...#.....##..
#.!.....###......# #..
#.......# ..#. #...
#.......# ###.. #...
#....##)#..!... #...
##...#@§....... ..#.
#?..#o§)......
#...##§....... ....
......... ... ....)...#
###.....## #......
##.#..


You could see an orc wizard.

Vanquished Creatures
  2 black bears
  An ogre (D:4)
  A phantom (D:6)
  A necrophage (D:6)
  2 scorpions
  A hound (D:4)
  2 orc priests (D:6)
  2 jellies (D:5)
  Crazy Yiuf (D:2)
  2 iguanas
  2 orc wizards
  Robin (D:2)
  6 adders
  7 gnolls
  A shadow imp (D:5)
  A white imp (D:6)
  An ufetubus (D:6)
  2 worms
  5 dart slugs
  21 orcs
  5 ball pythons
  3 endoplasms
  3 giant cockroaches
  17 goblins
  7 hobgoblins
  6 quokkas
  7 bats
  2 frilled lizards (D:1)
  3 kobolds
  5 rats
120 creatures vanquished.

Vanquished Creatures (collateral kills)
  Eustachio (D:5)
  Blork the orc (D:5)
2 creatures vanquished.

Grand Total: 122 creatures vanquished

Notes
Turn   | Place    | Note
-------+----------+-------------------------------------------
     0 | D:1      | Hubris850 the Gargoyle Earth Elementalist began the quest
                  | for the Orb.
     0 | D:1      | Reached XP level 1. HP: 10/10 MP: 3/3
   244 | D:1      | Reached skill level 1 in Transmutations
   244 | D:1      | Reached XP level 2. HP: 15/15 MP: 1/5
   305 | D:1      | Reached skill level 1 in Maces & Flails
   477 | D:1      | Reached skill level 4 in Earth Magic
   529 | D:1      | Reached XP level 3. HP: 19/19 MP: 4/6
   533 | D:1      | Learned a level 3 spell: Stone Arrow
  1145 | D:2      | Noticed Robin
  1521 | D:2      | Killed Robin
  1522 | D:2      | Reached XP level 4. HP: 22/24 MP: 2/7
  1590 | D:2      | Reached skill level 1 in Conjurations
  1719 | D:2      | Identified the ring "Liahinybb" {Fire Dex+2}
  1987 | D:2      | Found a runed translucent door.
  1987 | D:2      | Identified the +4 hammer of the Warrior-Mage {pain, Str+3
                  | Dex+4}
  1990 | D:2      | Noticed Crazy Yiuf
  2000 | D:2      | Killed Crazy Yiuf
  2331 | D:3      | Reached XP level 5. HP: 28/28 MP: 9/9
  2331 | D:3      | Found a hazy altar of Hepliaklqana.
  3074 | D:3      | Found a faded altar of an unknown god.
  3162 | D:3      | Reached skill level 5 in Earth Magic
  3412 | D:4      | Noticed an ogre
  3414 | D:4      | Killed an ogre
  3415 | D:4      | Reached XP level 6. HP: 32/32 MP: 7/11
  3851 | D:4      | Found a staircase to the Ecumenical Temple.
  3860 | Temple   | Entered the Ecumenical Temple
  3939 | Temple   | Became a worshipper of Nemelex Xobeh the Trickster
  4388 | D:5      | Entered Level 5 of the Dungeon
  4422 | D:5      | Found Ybeithri's Weapon Boutique.
  4785 | D:5      | Reached XP level 7. HP: 32/36 MP: 12/12
  4818 | D:5      | Reached skill level 6 in Earth Magic
  4922 | D:5      | Found an opulent altar of Gozag.
  4945 | D:5      | Reached * piety under Nemelex Xobeh
  5053 | D:5      | Received a gift from Nemelex Xobeh
  5094 | D:5      | Noticed Blork the orc
  5098 | D:5      | Noticed Eustachio
  5101 | D:5      | Killed Blork the orc
  5111 | D:5      | Killed Eustachio
  5248 | D:5      | Reached XP level 8. HP: 41/41 MP: 12/14
  5346 | D:6      | Reached skill level 1 in Invocations
  5740 | D:6      | Reached skill level 7 in Earth Magic
  5741 | D:6      | HP: 2/41 [orc wizard/puff of flame (4)]
  5742 | D:6      | Slain by an orc wizard

Illustrated notes

Levels and vault maps discovered:
D:1:      saegor_arrival_under_anarchy, layout_basic
D:2:      layout_rooms, corexii_item_surrounded_by_moat, uniq_robin,
          uniq_crazy_yiuf_cottage
D:3:      layout_basic, nicolae_hepliaklqana_hazy_memory,
          ebering_ecumenical_altar_box, minmay_misc_feat_diagonals,
          minmay_misc_feat_tower, st_stairs_9, hangedman_abyss_or_decor_stabs
D:4:      layout_loops_corners, minmay_temple_entry_antechambers
D:5:      layout_cave_pods, kennysheep_mini, serial_shops,
          nicolae_shop_temple_entry_statues_fountains, serial_glass,
          glass_columns_c, glass_columns_b, glass_columns_a, glass_columns_b,
          glass_columns_b, glass_columns_b, glass_columns_a, glass_columns_a,
          minmay_strange_pillars, item_on_display_a, uniq_eustachio,
          uniq_blork_the_orc
D:6:      layout_cave_pools, gammafunk_temple_overflow_wave
Temple:   nicolae_temple_superstar

Skill      XL: |  1  2  3  4  5  6  7  8 |
---------------+-------------------------+-----
Transmutations | 1 |  1.2
Maces & Flails | 1 2 3 4 |  4.4
Earth Magic    | 4 5 6 7 |  7.0
Conjurations   | 1 2 3 4 |  4.9
Spellcasting   | 3 4 |  4.8
Invocations    | 2 |  2.1
Dodging        | |  1.5
Stealth        | |  2.1

Action                   |  1- 3 |  4- 6 |  7- 9 || total
-------------------------+-------+-------+-------++-------
Melee: Unarmed           |     1 |       |       ||     1
       Spear             |       |    14 |       ||    14
       Mace              |       |    82 |    23 ||   105
       Punch             |       |     3 |       ||     3
Throw: Dart              |       |     4 |       ||     4
 Cast: Sandblast         |    50 |    54 |    49 ||   153
Invok: Draw Summoning    |       |       |     1 ||     1
       Draw Destruction  |       |       |     2 ||     2
       Draw Escape       |       |       |     1 ||     1
 Stab: Sleeping          |       |     4 |       ||     4
Armor: Leather armour    |    15 |    43 |    21 ||    79
       Robe              |       |       |    15 ||    15
Dodge: Dodged            |    23 |    60 |    32 ||   115

Table legend: (Time is in decaauts)
 A = Elapsed time spent in this place.
 B = Non-inter-level travel time spent in this place.
 C = Inter-level travel time spent in this place.
 D = Time resting spent in this place.
 E = Time spent auto-exploring this place.
 F = Levels seen in this place.
 G = Mean time per level.
                   A        B        C        D        E       F      G
               +--------+--------+--------+--------+--------+-----+--------+
         Total |   5849 |   5739 |    110 |    433 |   4259 |   7 |  835.6 |
       Dungeon |   5756 |   5659 |     97 |    433 |   4259 |   6 |  959.3 |
        Temple |     92 |     79 |     13 |      0 |      0 |   1 |   92.0 |
               +--------+--------+--------+--------+--------+-----+--------+

Top non-repeatable levels by time:
     D:1: 1463 daAuts
     D:5: 1074 daAuts
     D:4: 1071 daAuts
     D:3: 1039 daAuts
     D:2: 791 daAuts
     D:6: 316 daAuts
  Temple: 92 daAuts
